 Dungeon Crawl Stone Soup version 0.29-a0-459-g97dee8cd24 (webtiles) character file.

Game seed: 10080932487878708089

271 happo123 the Ducker (level 6, -2/43 HPs)
             Began as a Djinni Earth Elementalist on May 21, 2022.
             Was an Initiate of Dithmenos.
             Slain by a gnoll
             ... wielding a +0 whip
              (4 damage)
             ... on level 4 of the Dungeon.
             The game lasted 00:23:10 (3190 turns).

happo123 the Ducker (Djinni Earth Elementalist)     Turns: 3190, Time: 00:23:11

Health: -2/43      AC:  7    Str:  7    XL:     6   Next: 47%
Gold:   269        EV: 12    Int: 24    God:    Dithmenos [......] SH:  0 Dex: 14

rFire   + + .      SeeInvis .   v - +0 hand axe (venom)
rCold   x . .      Faith    .   (no shield)
rNeg    . . .      Spirit   .   e - +0 leather armour
rPois   ∞          Reflect  .   (no helmet)
rElec   .          Harm     .   (no cloak)
rCorr   .          Rampage  .   (no gloves)
Will    .....                   (boots unavailable)
Stlth   ++........              (no amulet)
HPRegen 0.14/turn               o - +6 ring of intelligence
MPRegen 0.00/turn               s - +4 ring of protection

@: flying
A: sickness immunity, fire resistance 2, cold vulnerability 1, float, innate
caster, HP casting, extra vitality 1
a: Renounce Religion


You were on level 4 of the Dungeon.
You worshipped Dithmenos.
Dithmenos was noncommittal.
You visited 1 branch of the dungeon, and saw 4 of its levels.

You collected 269 gold pieces.

Inventory:

Hand Weapons
 v - a +0 hand axe of venom (weapon)
Missiles
 a - 66 stones
 w - a throwing net
Armour
 b - a +0 robe
 e - a +0 leather armour (worn)
Magical Staves
 f - a staff of poison
Jewellery
 o - a +6 ring of intelligence (left hand)
 s - a +4 ring of protection (right hand)
Scrolls
 c - 3 scrolls of identify {unknown}
 g - a scroll of noise {unknown}
 k - 3 scrolls of poison {unknown}
 l - a scroll of acquirement {unknown}
 p - a scroll of fog {unknown}
 q - a scroll of teleportation {unknown}
 t - 2 scrolls of fear {unknown}
 x - a scroll of immolation {unknown}
Potions
 d - 2 potions of flight {unknown}
 h - 2 potions of attraction {unknown}
 i - a potion of might {unknown}
 j - a potion of berserk rage {unknown}
 m - a potion of resistance {unknown}
 n - a potion of ambrosia {unknown}
 r - a potion of mutation {unknown}
 u - a potion of brilliance {unknown}


   Skills:
 + Level 1.6 Fighting
 + Level 1.6 Armour
 + Level 3.5 Dodging
 * Level 3.3 Stealth
 * Level 3.4 Spellcasting
 + Level 0.1 Invocations


You couldn't memorise any spells.
You knew the following spells:

 Your Spells              Type           Power      Damage    Failure   Level
a - Sandblast             Erth           40%        2d10      3%          1
b - Passwall              Tmut/Erth      16%        N/A       5%          2
c - Stone Arrow           Conj/Erth      40%        3d9       11%         3
d - Petrify               Tmut/Erth      20%        N/A       36%         4
e - Slow                  Hex            80%        N/A       3%          1
f - Wereblood             Tmut           20%        N/A       5%          2
Your spell library was empty.

Dungeon Overview and Level Annotations

Branches:
Dungeon (4/15)
 Temple: D:4-7

Altars:
Dithmenos


Innate Abilities, Weirdness & Mutations

You are immune to sickness and miasma.
You are immune to poison.
Your flesh is very heat resistant. (rF++)
You are vulnerable to cold. (rC-)
You float through the air rather than walking.
You learn spells naturally, not from books.
Your magical power is your life essence.
You have superior vitality. (+4 MHP)


Message History

You shred the net and break free! The gnoll closely misses you.
The quokka completely misses you.
Your magical contamination has completely faded away.
The quokka attacks as you move away!
The quokka bites you but does no damage.
The gnoll closely misses you. The gnoll attacks as you move away!
The gnoll hits you but does no damage. The quokka attacks as you move away!
The quokka closely misses you.
There is a stone staircase leading down here.
The quokka bites you.
* * * LOW HITPOINT WARNING * * *
The quokka attacks as you move away! The quokka closely misses you.
The gnoll attacks as you move away! The gnoll hits you with a +0 whip.
* * * LOW HITPOINT WARNING * * *
The quokka attacks as you move away! The quokka misses you.
The quokka completely misses you.
Aiming: Stone Arrow (dangerous; 11% risk of failure)
Press: ? - help, Q - select action, (/) - cycle Shift-Dir - straight line, f - quokka, p - gnoll
Aim: a quokka (60% to hit)
The stone arrow hits the quokka!
You kill the quokka!
Dithmenos accepts your kill.
* * * LOW HITPOINT WARNING * * *
Things that are here:
a +0 club; a +0 scale mail The gnoll attacks as you move away!
The gnoll barely misses you.
Casting: Stone Arrow (dangerous; 11% risk of failure)
Confirm with . or Enter, or press ? or * to list all spells.
Aiming: Sandblast (safe; 3% risk of failure)
Press: ? - help, Shift-Dir - straight line, f - gnoll
Aim: a gnoll, wielding a +0 whip and quivering a throwing net (moderately wounded, 83% to hit)
The blast of sand hits the gnoll.
The gnoll is heavily wounded.
a - 66 stones
* * * LOW HITPOINT WARNING * * *
The gnoll hits you but does no damage.
You closely miss the gnoll.
The gnoll is heavily wounded.
The gnoll hits you with a +0 whip.
You die...

######
....######......## .
.......#........## ..
................# ..
...............#
#.#..............###
#..................##
#...............#..##
#...@.#.....>..###...
#....gg.........#####
#.####..........# #
#..........# #
#..).......# #
#....).....# #
##........######
##.)....####...
#######.#.####..##


You could see 2 gnolls.

Vanquished Creatures
  A scorpion (D:4)
  2 jellies (D:2)
  5 adders
  A gnoll (D:4)
  A dart slug (D:2)
  6 orcs
  A ball python (D:1)
  20 endoplasms
  2 giant cockroaches (D:2)
  A goblin (D:4)
  5 hobgoblins
  11 jackals
  3 quokkas
  3 bats
  4 frilled lizards
  15 kobolds
  A rat (D:1)
82 creatures vanquished.

Vanquished Creatures (others)
  6 fungi (D:2)
  11 toadstools (D:2)
17 creatures vanquished.

Grand Total: 99 creatures vanquished

Notes
Turn   | Place    | Note
-------+----------+-------------------------------------------
     0 | D:1      | happo123 the Djinni Earth Elementalist began the quest for
                  | the Orb.
     0 | D:1      | Reached XP level 1. HP: 15/15 MP: 0/0
   150 | D:1      | Found a faded altar of an unknown god.
   155 | D:1      | Reached XP level 2. HP: 20/21 MP: 0/0
   999 | D:2      | Reached XP level 3. HP: 16/25 MP: 0/0
   999 | D:2      | Learned a level 1 spell: Slow
  1192 | D:2      | You are sucked into a shaft and drop 1 floor!
  1203 | D:2      | Reached XP level 4. HP: 15/31 MP: 0/0
  1554 | D:2      | Reached XP level 5. HP: 18/36 MP: 0/0
  1554 | D:2      | Learned a level 2 spell: Wereblood
  1558 | D:2      | Reached skill level 1 in Fighting
  1558 | D:2      | Reached skill level 1 in Armour
  2982 | D:4      | Reached XP level 6. HP: 36/42 MP: 0/0
  3079 | D:4      | Found a shadowy altar of Dithmenos.
  3094 | D:4      | Became a worshipper of Dithmenos the Shadowed
  3190 | D:4      | Slain by a gnoll

Illustrated notes

Levels and vault maps discovered:
D:1:      lemuel_arrival_funnel, layout_basic, dreamdust_ecumenical_altar_grove,
          serial_bayou_pond_c
D:2:      cheibrodos_fertilizer, layout_basic
D:3:      layout_basic, grunt_decor_arrowhead
D:4:      layout_rooms, general_overflow_altar, biasface_ghost_orc_armoury

Skill      XL: |  1  2  3  4  5 |
---------------+----------------+-----
Stealth        | 2 3 |  3.3
Dodging        | 3 |  3.5
Spellcasting   | 3 |  3.4
Fighting       | 1 |  1.6
Armour         | 1 |  1.6
Invocations    | |  0.1

Action                   |  1- 3 |  4- 6 || total
-------------------------+-------+-------++-------
Melee: Hand axe          |       |     3 ||     3
 Cast: Sandblast         |    35 |    57 ||    92
       Stone Arrow       |       |    26 ||    26
 Stab: Sleeping          |       |     1 ||     1
Armor: Robe              |     5 |       ||     5
       Leather armour    |       |     4 ||     4
Dodge: Dodged            |    14 |    21 ||    35

Table legend: (Time is in decaauts)
 A = Elapsed time spent in this place.
 B = Non-inter-level travel time spent in this place.
 C = Inter-level travel time spent in this place.
 D = Time resting spent in this place.
 E = Time spent auto-exploring this place.
 F = Levels seen in this place.
 G = Mean time per level.
                   A        B        C        D        E       F      G
               +--------+--------+--------+--------+--------+-----+--------+
         Total |   3188 |   1857 |   1331 |    236 |   1165 |   4 |  797.0 |
       Dungeon |   3188 |   1857 |   1331 |    236 |   1165 |   4 |  797.0 |
               +--------+--------+--------+--------+--------+-----+--------+

Top non-repeatable levels by time:
     D:2: 1266 daAuts
     D:1: 929 daAuts
     D:3: 782 daAuts
     D:4: 211 daAuts
